AoeStats
← AAcO

Arabia

509610237Analyzed
1v1 RM · 6d ago on Sep 27, 2026· 37m 13s· 2 players
Game mode
Random Map
Map size
Tiny (2 player)
Population
200
Speed
Normal
Resources
Standard
Victory
Conquest
Starting age
Dark Age
Ending age
Imperial Age
RankedLock teamsTeams togetherTeam positionsShared explorationLock speedFull tech treeHidden civsTurbo modeCheats
Victory
Defeat
🇹🇼 Bohemians · Taiwan
1478
+14
🇲🇦 Ethiopians · Morocco
1425
-14
MMMMMARIO
7:13 Loom
9:32 Feudal Age
10:15 Double-Bit Axe
17:53 Fletching
20:49 Castle Age
19:16 Fletching
19:48 Horse Collar
21:54 Bodkin Arrow
24:13 Elite Skirmisher
26:54 Bow Saw
27:29 Wheelbarrow
30:05 Padded Archer Armor
33:09 Imperial Age
31:15 Ballistics
33:44 Leather Archer Armor
33:58 Bracer
34:06 Crossbowman
35:17 Ring Archer Armor
36:03 Chemistry
35:40 Husbandry
35:23 Light Cavalry
36:15 Scale Barding Armor
36:57 Arbalester
AAcO
5:31 Loom
8:54 Feudal Age
9:47 Double-Bit Axe
10:47 Horse Collar
20:15 Castle Age
18:40 Fletching
19:14 Padded Archer Armor
21:14 Bow Saw
21:09 Bodkin Arrow
21:53 Wheelbarrow
21:39 Leather Archer Armor
21:16 Elite Skirmisher
23:48 Town Watch
25:38 Hand Cart
30:08 Ballistics
30:33 Redemption
31:02 Fervor
32:46 Chemistry
35:00 Imperial Age
34:58 Masonry
35:42 Bracer
36:15 Conscription
36:33 Ring Archer Armor
Connection lost

Rejoining the realm…

Still unreachable

The connection could not be restored.

Session expired

The server has moved on; the page needs a fresh start.